[Event "TUR-chT Superleague 2018"]
[Site "Ankara"]
[Date "2018.07.29"]
[Round "5"]
[White "Onur, Cigdem"]
[Black "Sade, Defne"]
[Result "1-0"]
[ECO "D00"]
[WhiteElo "1750"]
[BlackElo "1954"]
[Annotator "NA"]
[PlyCount "113"]
[EventDate "2018.07.25"]
[EventType "team-tourn"]
[EventCountry "TUR"]
[SourceTitle "playchess.com"]
[Source "ChessBase"]
[SourceQuality "1"]
[TimeControl "40/5400+30:1800+30"]

1. d4 d5 2. Bf4 c5 3. e3 Nc6 4. c3 Nf6 5. Nd2 Bf5 6. Qb3 Qd7 7. Ngf3 c4 8. Qd1 e6 9. Nh4 $11 {[%emt 0:19:30] LiveBook: 13 Games} Bg6 10. Nxg6 hxg6 11. e4 Be7 12. e5 Ng8 13. Be2 Nh6 14. h3 Nf5 15. O-O b5 16. b4 O-O 17. a4 a6 18. g4 Nh4 19. Bg3 g5 20. f4 gxf4 21. Bxf4 Rfb8 22. a5 Qd8 23. Nf3 Nxf3+ 24. Rxf3 Bh4 25. Qd2 Ne7 26. Raf1 Ng6 27. Be3 Rb7 28. Bd1 Nf8 29. Bc2 g6 30. g5 Nh7 31. Rf6 Nxf6 32. gxf6 Kf8 33. Qg2 Ke8 34. Bxg6 fxg6 35. Qxg6+ Kd7 36. Qf7+ Kc8 37. Qxe6+ Rd7 38. Qg4 Bxf6 39. Rxf6 Raa7 40. h4 Kb8 41. Bg5 Qh8 42. e6 Rd8 43. Qf4+ Ka8 44. Rf7 Rxf7 45. Qxf7 Qg8 46. Qc7 Re8 47. Qc6+ Kb8 48. Qb6+ Kc8 49. Qxa6+ Kc7 50. Qb6+ Kc8 51. Qc6+ Kb8 52. Qxb5+ Kc7 53. Qb6+ Kc8 54. Qc6+ Kb8 55. Qb5+ Kc8 56. Qd7+ Kb8 57. a6 1-0

[Event "TUR-chT Superleague 2018"]
[Site "Ankara"]
[Date "2018.07.29"]
[Round "5"]
[White "Yorgun, Yaren Naz"]
[Black "Celik, Eda"]
[Result "0-1"]
[ECO "D02"]
[WhiteElo "1737"]
[BlackElo "1864"]
[Annotator "NA"]
[PlyCount "96"]
[EventDate "2018.07.25"]
[EventType "team-tourn"]
[EventCountry "TUR"]
[SourceTitle "playchess.com"]
[Source "ChessBase"]
[SourceQuality "1"]
[TimeControl "40/5400+30:1800+30"]

1. d4 Nf6 2. Bf4 d5 3. Nf3 c5 4. e3 Nc6 5. c3 Qb6 6. Qb3 c4 7. Qc2 Bf5 8. Qc1 e6 9. Be2 Be7 10. Nbd2 h6 11. h3 O-O 12. O-O Rfc8 13. Ne5 Nxe5 14. Bxe5 Qd8 15. Bf3 Bd3 16. Re1 b5 17. e4 b4 18. g4 Qa5 19. a3 bxc3 20. bxc3 Rc6 21. a4 Rac8 22. Bg2 Rb6 23. f3 Nd7 24. f4 Nxe5 25. fxe5 Bh4 26. Re3 Bg5 27. Re1 Rcb8 28. Ra2 Rb1 29. Qxb1 Bxb1 30. Nxb1 Rb3 31. exd5 exd5 32. Rae2 Qb6 33. Nd2 Bxd2 34. Rxd2 Qa5 35. e6 fxe6 36. Rde2 Qxc3 37. Rxe6 Qxd4+ 38. Kh1 Rb2 39. R6e5 Kh7 40. Bxd5 Qf2 41. Be4+ g6 42. Re7+ Kh8 43. Bc2 Rxc2 44. Re8+ Kg7 45. R1e7+ Kf6 46. g5+ Kxg5 47. Re5+ Kf4 48. Re4+ Kf3 0-1

[Event "TUR-chT Superleague 2018"]
[Site "Ankara"]
[Date "2018.07.29"]
[Round "5"]
[White "Keskin, Elif"]
[Black "Erece, Ece Alkim"]
[Result "1-0"]
[ECO "D00"]
[WhiteElo "1719"]
[BlackElo "1788"]
[Annotator "NA"]
[PlyCount "65"]
[EventDate "2018.07.25"]
[EventType "team-tourn"]
[EventCountry "TUR"]
[SourceTitle "playchess.com"]
[Source "ChessBase"]
[SourceQuality "1"]
[TimeControl "40/5400+30:1800+30"]

1. d4 Nf6 2. Bg5 d5 3. Bxf6 gxf6 4. e3 Nc6 5. c4 e5 6. dxe5 fxe5 7. cxd5 Nb4 8. Nc3 Rg8 9. a3 Na6 10. Qh5 Rg5 11. Qxh7 Bf5 12. Qh4 Nc5 13. Nf3 Rg8 14. Qxd8+ Rxd8 15. Bb5+ Ke7 16. Bc4 Rxg2 17. Nxe5 Bg7 18. Nf3 Bd3 19. Ba2 Ba6 20. Bb1 Nb3 21. Ra2 Bc4 22. h4 Bxc3+ 23. bxc3 Bxd5 24. e4 Bc4 25. h5 Kf8 26. h6 Kg8 27. Ne5 Be6 28. h7+ Kh8 29. f4 Rg7 30. f5 Bd7 31. f6 Rxh7 32. Nxf7+ Kg8 33. Rxh7 1-0

[Event "TUR-chT Superleague 2018"]
[Site "Ankara"]
[Date "2018.07.29"]
[Round "5"]
[White "Sel, Sedat"]
[Black "Korkmaz, Necmettin"]
[Result "0-1"]
[ECO "A03"]
[WhiteElo "1689"]
[BlackElo "2056"]
[Annotator "NA"]
[PlyCount "82"]
[EventDate "2018.07.25"]
[EventType "team-tourn"]
[EventCountry "TUR"]
[SourceTitle "playchess.com"]
[Source "ChessBase"]
[SourceQuality "1"]
[TimeControl "40/5400+30:1800+30"]

1. f4 d5 2. Nf3 Nf6 3. e3 c6 4. c4 Bg4 5. cxd5 cxd5 6. Bb5+ Nc6 7. O-O Qb6 8. Qa4 a6 9. Bxc6+ bxc6 10. Ne5 Be2 11. Rf2 Bb5 12. Qc2 Ne4 13. a4 f6 14. axb5 fxe5 15. Rf3 exf4 16. Rxa6 Rxa6 17. bxa6 fxe3 18. Rxe3 e6 19. a7 Qxa7 20. Qxc6+ Kf7 21. Kf1 Bc5 22. Rf3+ Nf6 23. Nc3 Rd8 24. Na4 Be7 25. b3 Qb8 26. g3 Rc8 27. Qa6 Rxc1+ 28. Kg2 d4 29. Nb6 Rc6 30. Nd7 Rxa6 31. Nxb8 Rb6 32. Nd7 Rb5 33. g4 Ke8 34. Nxf6+ Bxf6 35. Kf2 e5 36. Ke2 e4 37. Rh3 h6 38. Rg3 Bg5 39. Kd1 d3 40. h4 Rxb3 41. Kc1 Be7 0-1

[Event "TUR-chT Superleague 2018"]
[Site "Ankara"]
[Date "2018.07.29"]
[Round "5"]
[White "Ozcan, Kaan"]
[Black "Eren, Ataberk"]
[Result "0-1"]
[ECO "A39"]
[WhiteElo "1523"]
[BlackElo "2195"]
[Annotator "NA"]
[PlyCount "68"]
[EventDate "2018.07.25"]
[EventType "team-tourn"]
[EventCountry "TUR"]
[SourceTitle "playchess.com"]
[Source "ChessBase"]
[SourceQuality "1"]
[TimeControl "40/5400+30:1800+30"]

1. c4 Nf6 2. d4 c5 3. Nf3 g6 4. g3 Bg7 5. Bg2 O-O 6. O-O cxd4 7. Nxd4 Nc6 8. Nc3 Ng4 9. e3 Nge5 10. b3 d6 11. Bb2 Bg4 12. f3 Bd7 13. Qd2 a5 14. h3 a4 15. Nxc6 Bxc6 16. Rae1 axb3 17. axb3 Qb6 18. f4 Nd7 19. Nd5 Bxd5 20. Bxd5 Ra2 21. Rb1 e6 22. Bf3 Nc5 23. Rf2 Rxb2 24. Rxb2 Bxb2 25. b4 Na4 26. Qc2 Ra8 27. Bd1 Qxe3 28. Kg2 Bd4 29. Rd2 Qg1+ 30. Kf3 Nb2 31. Be2 Qf2+ 32. Kg4 h5+ 33. Kg5 Qxg3+ 34. Kh6 Bg7# 0-1

[Event "TUR-chT Superleague 2018"]
[Site "Ankara"]
[Date "2018.07.29"]
[Round "6"]
[White "Yurtseven, Melih"]
[Black "Keler, Faruk"]
[Result "1-0"]
[ECO "E04"]
[WhiteElo "2404"]
[BlackElo "2286"]
[Annotator "ChessBase"]
[PlyCount "89"]
[EventDate "2018.07.25"]
[EventType "team-tourn"]
[EventCountry "TUR"]
[SourceTitle "playchess.com"]
[Source "ChessBase"]
[SourceQuality "1"]
[TimeControl "40/5400+30:1800+30"]

1. d4 d5 2. c4 e6 3. Nc3 Nf6 4. Nf3 c6 5. g3 dxc4 6. Bg2 b5 7. Ne5 Qb6 8. O-O Bb7 9. e4 c5 10. d5 exd5 11. Nxd5 Nxd5 12. exd5 Bd6 13. Nxf7 O-O 14. Nxd6 Qxd6 15. Bf4 Qd7 16. Qh5 Na6 17. a3 Rf5 18. Qg4 Bxd5 19. Rad1 Qf7 20. Rxd5 Rxd5 21. Rd1 h5 22. Bxd5 Qxd5 23. Qxg7+ Kxg7 24. Rxd5 Rc8 25. Rd7+ Kg8 26. Rxa7 Rc6 27. Rb7 b4 28. Kf1 Re6 29. h3 Re4 30. axb4 Nxb4 31. Bd2 Nd3 32. h4 Re5 33. Bc3 Rf5 34. f4 Rd5 35. Rg7+ Kf8 36. Rh7 Ke8 37. Ke2 Nc1+ 38. Kf3 Rd3+ 39. Kf2 Rd5 40. Rg7 Na2 41. Bf6 Rd6 42. Be5 Rd3 43. Rh7 Rd2+ 44. Kf3 Rd3+ 45. Ke4 1-0

[Event "TUR-chT Superleague 2018"]
[Site "Ankara"]
[Date "2018.07.29"]
[Round "6"]
[White "Can, Isik"]
[Black "Kilic, Gokturk Kagan"]
[Result "1-0"]
[ECO "B77"]
[WhiteElo "2385"]
[BlackElo "1931"]
[Annotator "NA"]
[PlyCount "67"]
[EventDate "2018.07.25"]
[EventType "team-tourn"]
[EventCountry "TUR"]
[SourceTitle "playchess.com"]
[Source "ChessBase"]
[SourceQuality "1"]
[TimeControl "40/5400+30:1800+30"]

1. e4 c5 2. Nf3 d6 3. d4 cxd4 4. Nxd4 Nf6 5. Nc3 g6 6. Be3 Bg7 7. f3 O-O 8. Bc4 Nc6 9. Qd2 Nxd4 10. Bxd4 Be6 11. Bxe6 fxe6 12. O-O-O Qa5 13. Kb1 b5 14. h4 b4 15. Ne2 e5 16. Be3 d5 17. exd5 Rfd8 18. c4 Rd6 19. Qc2 e6 20. dxe6 Rxe6 21. Ng3 e4 22. f4 Ng4 23. Bd4 Qc7 24. Rhe1 Qxf4 25. Ne2 Qh6 26. Qb3 Rae8 27. Qg3 Ne5 28. Be3 Qh5 29. Nf4 Qf5 30. Nxe6 Qxe6 31. Bd4 Qxc4 32. Rxe4 Rd8 33. Rxe5 Rxd4 34. Rxd4 1-0

[Event "TUR-chT Superleague 2018"]
[Site "Ankara"]
[Date "2018.07.29"]
[Round "6"]
[White "Mamedjarova, Zeinab"]
[Black "Sahin, Hayrun Nisa"]
[Result "1-0"]
[ECO "B07"]
[WhiteElo "2345"]
[BlackElo "1736"]
[Annotator "NA"]
[PlyCount "63"]
[EventDate "2018.07.25"]
[EventType "team-tourn"]
[EventCountry "TUR"]
[SourceTitle "playchess.com"]
[Source "ChessBase"]
[SourceQuality "1"]
[TimeControl "40/5400+30:1800+30"]

1. d4 Nf6 2. Nf3 g6 3. Nbd2 Bg7 4. e4 d6 5. Bc4 O-O 6. Bb3 c5 7. dxc5 dxc5 8. O-O Nc6 9. c3 Qc7 10. Re1 e6 11. a4 b6 12. Qe2 Rd8 13. h3 Bb7 14. Bc2 Rd7 15. Nf1 Rad8 16. Bg5 h6 17. Bh4 g5 18. Bg3 Qc8 19. e5 Ba6 20. Qe3 Nh7 21. Bxh7+ Kxh7 22. h4 gxh4 23. Bxh4 Rg8 24. Rad1 Na5 25. Qe4+ Kh8 26. Qf4 Nc4 27. Bf6 Kh7 28. Qe4+ Kh8 29. Qh4 Kh7 30. Ng5+ Kg6 31. Qe4+ Kh5 32. Ng3# 1-0

[Event "TUR-chT Superleague 2018"]
[Site "Ankara"]
[Date "2018.07.29"]
[Round "6"]
[White "Buksa, Nataliya"]
[Black "Badelka, Olga"]
[Result "1/2-1/2"]
[ECO "B30"]
[WhiteElo "2337"]
[BlackElo "2407"]
[Annotator "NA"]
[PlyCount "83"]
[EventDate "2018.07.25"]
[EventType "team-tourn"]
[EventCountry "TUR"]
[SourceTitle "playchess.com"]
[Source "ChessBase"]
[SourceQuality "1"]
[TimeControl "40/5400+30:1800+30"]

1. e4 c5 2. Nf3 Nc6 3. Bb5 e6 4. O-O Nge7 5. d4 cxd4 6. Nxd4 Ng6 7. Be3 Be7 8. Be2 O-O 9. c4 Nxd4 10. Qxd4 d6 11. Nc3 Bd7 12. Rfd1 Bc6 13. Qd2 Bf6 14. Qxd6 Qxd6 15. Rxd6 Bxc3 16. bxc3 Bxe4 17. f3 Bc6 18. a4 a6 19. Bb6 Rac8 20. a5 Rfe8 21. Kf2 h5 22. g3 e5 23. Rad1 h4 24. Bd3 hxg3+ 25. hxg3 e4 26. Bxe4 Bxe4 27. fxe4 Rxc4 28. R1d4 Rxc3 29. Rd8 Rc8 30. Rxc8 Rxc8 31. Rd7 Rc2+ 32. Kf1 Ne5 33. Rxb7 Nc6 34. Rc7 f6 35. Ke1 Rc4 36. Kd2 Kh7 37. Ke3 Kg6 38. Kf2 Rc2+ 39. Ke3 Rc4 40. Kf2 Rc2+ 41. Ke3 Rc4 42. Kf2 1/2-1/2

[Event "TUR-chT Superleague 2018"]
[Site "Ankara"]
[Date "2018.07.29"]
[Round "6"]
[White "Ozturk, Kubra"]
[Black "Unuk, Laura"]
[Result "1-0"]
[ECO "D37"]
[WhiteElo "2330"]
[BlackElo "2355"]
[Annotator "NA"]
[PlyCount "101"]
[EventDate "2018.07.25"]
[EventType "team-tourn"]
[EventCountry "TUR"]
[SourceTitle "playchess.com"]
[Source "ChessBase"]
[SourceQuality "1"]
[TimeControl "40/5400+30:1800+30"]

1. d4 Nf6 2. c4 e6 3. Nf3 d5 4. Nc3 Be7 5. Bf4 O-O 6. e3 c6 7. Bd3 Nbd7 8. c5 Nh5 9. b4 Re8 10. O-O Nf8 11. Ne5 Nxf4 12. exf4 f6 13. Nf3 b6 14. Re1 bxc5 15. bxc5 Qa5 16. Qd2 Ba6 17. Bc2 Qc7 18. g3 Bd8 19. Re3 Qd7 20. Ne2 Bc7 21. Nc1 Ng6 22. Bxg6 hxg6 23. Nb3 Kf7 24. Rae1 Rh8 25. Qc2 Rh6 26. Rxe6 Qxe6 27. Ng5+ fxg5 28. Rxe6 Kxe6 29. fxg5 Kf7 30. gxh6 gxh6 31. h4 Re8 32. h5 Re1+ 33. Kg2 Bf1+ 34. Kh2 Re6 35. hxg6+ Kf6 36. Nc1 Bb5 37. Kg2 Re4 38. f3 Re7 39. g4 Kg7 40. Qf5 Ba5 41. Nd3 Bd2 42. Nf4 Bxf4 43. Qxf4 Re2+ 44. Kg3 Kxg6 45. Qf5+ Kg7 46. Qd7+ Kg6 47. f4 Re3+ 48. Kh4 Bf1 49. f5+ Kf6 50. Qxc6+ Ke7 51. Kh5 1-0

[Event "TUR-chT Superleague 2018"]
[Site "Ankara"]
[Date "2018.07.29"]
[Round "6"]
[White "Sari, Yasin"]
[Black "Kilic, Efe Mert"]
[Result "1/2-1/2"]
[ECO "B07"]
[WhiteElo "2330"]
[BlackElo "2317"]
[Annotator "NA"]
[PlyCount "97"]
[EventDate "2018.07.25"]
[EventType "team-tourn"]
[EventCountry "TUR"]
[SourceTitle "playchess.com"]
[Source "ChessBase"]
[SourceQuality "1"]
[TimeControl "40/5400+30:1800+30"]

1. Nf3 g6 2. e4 Bg7 3. d4 d6 4. Bd3 Nf6 5. O-O O-O 6. c3 Nc6 7. Be3 e5 8. Nbd2 b6 9. Re1 exd4 10. cxd4 Nb4 11. Bf1 c5 12. a3 Nc6 13. d5 Ne7 14. h3 a6 15. b4 h6 16. bxc5 bxc5 17. Rb1 g5 18. Qb3 Ng6 19. e5 dxe5 20. Bxc5 Re8 21. Bc4 Bf5 22. d6 Qd7 23. Rbd1 Rab8 24. Qa2 Rbc8 25. Be3 Be6 26. Bxe6 Qxe6 27. Qxe6 Rxe6 28. Rc1 Rxc1 29. Rxc1 Rxd6 30. Rc8+ Kh7 31. Nc4 Rd1+ 32. Kh2 Nd5 33. Ra8 e4 34. Nfd2 Nxe3 35. fxe3 Ne5 36. Rxa6 f5 37. Re6 Nxc4 38. Nxc4 Rc1 39. Nb6 Rc3 40. a4 Rxe3 41. Nd5 Re1 42. Ne7 Rf1 43. g4 fxg4 44. hxg4 Rf2+ 45. Kh3 Rf3+ 46. Kg2 Rf4 47. Kh3 Rf3+ 48. Kg2 Rf4 49. Kh3 1/2-1/2

[Event "TUR-chT Superleague 2018"]
[Site "Ankara"]
[Date "2018.07.29"]
[Round "6"]
[White "Yildiz Kadioglu, Betul Cemre"]
[Black "Savina, Anastasia"]
[Result "1-0"]
[ECO "C50"]
[WhiteElo "2323"]
[BlackElo "2342"]
[Annotator "NA"]
[PlyCount "115"]
[EventDate "2018.07.25"]
[EventType "team-tourn"]
[EventCountry "TUR"]
[SourceTitle "playchess.com"]
[Source "ChessBase"]
[SourceQuality "1"]
[TimeControl "40/5400+30:1800+30"]

1. e4 e5 2. Nf3 Nc6 3. Bc4 Bc5 4. d3 Nf6 5. Nc3 a6 6. Nd5 h6 7. c3 d6 8. b4 Ba7 9. Be3 Nxd5 10. Bxd5 Ne7 11. Bb3 O-O 12. Qd2 Bxe3 13. fxe3 a5 14. b5 a4 15. Bc2 c6 16. bxc6 bxc6 17. O-O Be6 18. Rfb1 Qc7 19. d4 c5 20. d5 Bd7 21. Nxe5 dxe5 22. d6 Qc6 23. dxe7 Rfe8 24. Qd5 Ra7 25. Qxe5 Be6 26. Bd3 Rexe7 27. Rb8+ Kh7 28. Qf4 Rab7 29. e5+ g6 30. Rf8 Rb2 31. Be4 Bd5 32. Rf1 Qe6 33. Rd1 Bxe4 34. Qxe4 Qf5 35. Qd5 Rb1 36. Rxb1 Qxb1+ 37. Kf2 Qf5+ 38. Qf3 Rb7 39. Qxf5 gxf5 40. Kf3 Kg6 41. Rg8+ Kh7 42. Ra8 Rb2 43. Rxa4 Rc2 44. Rc4 Rxa2 45. Rxc5 Rc2 46. Rc8 Kg6 47. c4 h5 48. c5 h4 49. h3 Kg7 50. c6 Rc4 51. g3 hxg3 52. Kxg3 Re4 53. c7 Rxe3+ 54. Kf4 Rc3 55. Kxf5 Rc5 56. Ke4 Rc1 57. h4 Re1+ 58. Kd5 1-0

[Event "TUR-chT Superleague 2018"]
[Site "Ankara"]
[Date "2018.07.29"]
[Round "6"]
[White "Demircioglu, Emre"]
[Black "Tuncer, Tuna"]
[Result "0-1"]
[ECO "D91"]
[WhiteElo "2244"]
[BlackElo "2328"]
[Annotator "NA"]
[PlyCount "80"]
[EventDate "2018.07.25"]
[EventType "team-tourn"]
[EventCountry "TUR"]
[SourceTitle "playchess.com"]
[Source "ChessBase"]
[SourceQuality "1"]
[TimeControl "40/5400+30:1800+30"]

1. d4 Nf6 2. c4 g6 3. Nc3 d5 4. Bg5 Bg7 5. Nf3 Ne4 6. Bh4 Nxc3 7. bxc3 dxc4 8. e3 b5 9. Be2 O-O 10. O-O c6 11. Qc2 a6 12. Ne5 f6 13. Nf3 Qe8 14. Nd2 Bf5 15. e4 Bc8 16. a4 e5 17. d5 Bb7 18. axb5 axb5 19. Rxa8 Bxa8 20. Qa2 Nd7 21. dxc6 Nc5 22. c7 Qc6 23. Qa5 Na6 24. Rb1 Nxc7 25. f3 Bh6 26. Nf1 Bb7 27. Bf2 Rc8 28. Qb4 Ba6 29. Rd1 Bf8 30. Qb2 Bc5 31. Ne3 Ne6 32. Bf1 Rd8 33. Nd5 Kf7 34. Bxc5 Qxc5+ 35. Kh1 Bb7 36. Qd2 Nf4 37. Qe1 Bxd5 38. Qh4 Kg7 39. exd5 Rxd5 40. Ra1 Rd7 0-1

[Event "TUR-chT Superleague 2018"]
[Site "Ankara"]
[Date "2018.07.29"]
[Round "6"]
[White "Isik, Alparslan"]
[Black "Tarlabasi, Emirhan"]
[Result "1-0"]
[ECO "D37"]
[WhiteElo "2212"]
[BlackElo "2117"]
[Annotator "NA"]
[PlyCount "129"]
[EventDate "2018.07.25"]
[EventType "team-tourn"]
[EventCountry "TUR"]
[SourceTitle "playchess.com"]
[Source "ChessBase"]
[SourceQuality "1"]
[TimeControl "40/5400+30:1800+30"]

1. d4 d5 2. c4 e6 3. Nc3 Be7 4. Nf3 Nf6 5. Bf4 O-O 6. e3 a6 7. cxd5 exd5 8. Bd3 {D37: Queen's Gambit Declined: 5 Bf4} Be6 (8... Bg4 9. h3 Bxf3 10. Qxf3 c6 11. g4 Bd6 12. g5 Ne8 13. h4 Bxf4 14. Qxf4 Nd6 15. O-O-O f5 {½-½ (65) Moiseenko,A (2713)-Dubov,D (2629) Warsaw 2013}) 9. Qc2 c5 $146 ({Predecessor:} 9... Nbd7 10. O-O b5 11. Ne2 c5 12. dxc5 Nxc5 13. Ned4 Rc8 14. Rac1 {1-0 (33) Jaracz,P (2503)-Pedini,D (2251) Wroclaw 2014}) 10. dxc5 Nbd7 11. O-O Nxc5 12. Nd4 Rc8 13. Rfd1 b5 14. Qb1 b4 15. Nce2 Qb6 16. Nf5 Bxf5 17. Bxf5 Ne6 18. Be5 g6 19. Bc2 Ng4 20. Bg3 Rfd8 21. Bb3 Qb7 22. Rd2 Nf6 23. Qd1 Nc5 24. Nf4 Nxb3 25. Qxb3 g5 26. Ne2 Ne4 27. Rd4 Qb5 28. Re1 Bf6 29. Rdd1 Nc5 30. Qc2 Ne4 31. Qb1 b3 32. axb3 Qxb3 33. Nd4 Bxd4 34. Rxd4 Rc4 35. Qd1 Qxd1 36. Rexd1 Rxd4 37. Rxd4 Rc8 38. Kf1 Rc1+ 39. Ke2 Rc2+ 40. Kf3 Nxg3 41. Kxg3 Rc5 42. Kg4 h6 43. b4 Rb5 44. Kh5 Kg7 45. f4 f6 46. f5 a5 47. bxa5 Rxa5 48. h3 Rc5 49. g3 Ra5 50. Rb4 $2 (50. g4 Rb5 51. Ra4) 50... Ra7 51. Rb6 Re7 52. g4 Kf7 53. Rb3 Kg7 54. Ra3 Rd7 55. Rd3 Rd8 56. Rd4 Re8 57. Rxd5 Re7 {[%emt 0:00:31] [#]} 58. e4 $1 Kf7 59. Ra5 Kg7 60. Ra6 Kf7 61. Rb6 Rxe4 62. Rb7+ Ke8 63. Kg6 Re3 64. Kxf6 Rxh3 65. Kg7 1-0

[Event "TUR-chT Superleague 2018"]
[Site "Ankara"]
[Date "2018.07.29"]
[Round "6"]
[White "Ozbay, Ece"]
[Black "Onur, Cigdem"]
[Result "1-0"]
[ECO "B30"]
[WhiteElo "2140"]
[BlackElo "1750"]
[Annotator "NA"]
[PlyCount "109"]
[EventDate "2018.07.25"]
[EventType "team-tourn"]
[EventCountry "TUR"]
[SourceTitle "playchess.com"]
[Source "ChessBase"]
[SourceQuality "1"]
[TimeControl "40/5400+30:1800+30"]

1. e4 c5 2. Nf3 Nc6 3. Bb5 e6 4. O-O Nge7 5. Re1 Nd4 6. Nxd4 cxd4 7. c3 a6 8. Bf1 Nc6 9. b3 Bc5 10. b4 Ba7 11. a4 Qh4 12. Qf3 Ne5 13. Qg3 Qxg3 14. hxg3 d3 15. c4 Ng4 16. c5 a5 17. Ba3 b6 18. Rc1 axb4 19. Bxb4 Ba6 20. Na3 bxc5 21. Bxc5 Bxc5 22. Rxc5 Ke7 23. Nb5 Rhb8 24. Bxd3 Bxb5 25. Bxb5 Rc8 26. Rac1 Rxc5 27. Rxc5 Nf6 28. f3 Ra7 29. d4 d6 30. Rc8 h5 31. Kf2 Nd7 32. f4 g6 33. e5 dxe5 34. dxe5 f6 35. Rh8 Nf8 36. exf6+ Kf7 37. g4 hxg4 38. Kg3 Ra8 39. Kxg4 Kxf6 40. Bc6 Rc8 41. Bb7 Rb8 42. Rxf8+ Rxf8 43. a5 g5 44. a6 gxf4 45. a7 e5 46. a8=Q Rxa8 47. Bxa8 Kg6 48. Be4+ Kf6 49. Kh5 Ke6 50. Kg6 Ke7 51. Kf5 Kd6 52. Kf6 Kd7 53. Kxe5 Ke7 54. Kxf4 Kf6 55. g4 1-0

[Event "TUR-chT Superleague 2018"]
[Site "Ankara"]
[Date "2018.07.29"]
[Round "6"]
[White "Bozbey, Ali"]
[Black "Kamer, Kayra"]
[Result "1/2-1/2"]
[ECO "B23"]
[WhiteElo "2126"]
[BlackElo "2181"]
[Annotator "NA"]
[PlyCount "120"]
[EventDate "2018.07.25"]
[EventType "team-tourn"]
[EventCountry "TUR"]
[SourceTitle "playchess.com"]
[Source "ChessBase"]
[SourceQuality "1"]
[TimeControl "40/5400+30:1800+30"]

1. e4 c5 2. Nc3 b6 3. g3 Bb7 4. Bg2 g6 5. d3 Bg7 6. Nge2 e6 7. O-O Ne7 8. Be3 d5 9. exd5 Nxd5 10. Nxd5 Bxd5 11. Bxd5 Qxd5 12. d4 cxd4 13. Bxd4 e5 14. Bc3 Qc5 15. Nf4 O-O 16. Nd3 Qc7 17. Re1 Nc6 18. Qf3 Rad8 19. Nb4 Nd4 20. Bxd4 Rxd4 21. c3 Rd2 22. Re2 Rfd8 23. Rae1 f5 24. Qc6 Qd6 25. Qxd6 R2xd6 26. c4 Rc8 27. b3 Kf7 28. Rc1 a5 29. Nc2 h5 30. Ne3 f4 31. Rd1 Rxd1+ 32. Nxd1 Rd8 33. Nc3 Rd3 34. Rc2 f3 35. h4 Bf8 36. Ne4 Bb4 37. c5 bxc5 38. Nxc5 Rd1+ 39. Kh2 Bxc5 40. Rxc5 Rf1 41. Rc2 Kf6 42. a3 Kf5 43. b4 a4 44. Rb2 Re1 45. b5 Re2 46. Rb4 Rxf2+ 47. Kg1 Rg2+ 48. Kf1 e4 49. b6 g5 50. hxg5 e3 51. Rf4+ Kxg5 52. Rxf3 Rb2 53. Rxe3 Rxb6 54. Re4 Rb3 55. Rxa4 Rxg3 56. Kf2 Rb3 57. Kg2 h4 58. Kh2 Rb2+ 59. Kh3 Rb3+ 60. Kh2 Rb2+ 1/2-1/2

[Event "TUR-chT Superleague 2018"]
[Site "Ankara"]
[Date "2018.07.29"]
[Round "6"]
[White "Bolat, Ahmet"]
[Black "Kinsiz, Onur"]
[Result "0-1"]
[ECO "D01"]
[WhiteElo "2124"]
[BlackElo "2204"]
[Annotator "NA"]
[PlyCount "76"]
[EventDate "2018.07.25"]
[EventType "team-tourn"]
[EventCountry "TUR"]
[SourceTitle "playchess.com"]
[Source "ChessBase"]
[SourceQuality "1"]
[TimeControl "40/5400+30:1800+30"]

1. d4 Nf6 2. Nc3 d5 3. Bg5 Nbd7 4. f3 c6 5. Qd2 h6 6. Bh4 e5 7. e3 Bd6 8. Bd3 O-O 9. Nge2 Re8 10. O-O-O b5 11. Ng3 exd4 12. exd4 Nf8 13. Nh5 Be7 14. Nxf6+ Bxf6 15. Bf2 Qa5 16. Kb1 b4 17. Ne2 Ba6 18. Nc1 Bc4 19. h4 Ne6 20. Bf5 Qc7 21. g4 g6 22. Bxe6 Rxe6 23. Be3 Rae8 24. Bxh6 Be2 25. Nxe2 Rxe2 26. Qxb4 Qg3 27. Qc3 c5 28. Qxc5 Qb8 29. Qxd5 Qc7 30. Qc5 Qb7 31. Qd6 Be7 32. Qf4 Ba3 33. b3 Qc6 34. c4 Rb2+ 35. Ka1 Ree2 36. Rd2 Rbxd2 37. Qb8+ Re8 38. Qxa7 Qxf3 0-1

[Event "TUR-chT Superleague 2018"]
[Site "Ankara"]
[Date "2018.07.29"]
[Round "6"]
[White "Gulbeyaz, Emir"]
[Black "Uzumcu, Ahmet Utku"]
[Result "1-0"]
[ECO "B20"]
[WhiteElo "2074"]
[BlackElo "2261"]
[Annotator "NA"]
[PlyCount "127"]
[EventDate "2018.07.25"]
[EventType "team-tourn"]
[EventCountry "TUR"]
[SourceTitle "playchess.com"]
[Source "ChessBase"]
[SourceQuality "1"]
[TimeControl "40/5400+30:1800+30"]

1. e4 c5 2. b3 g6 3. Bb2 Nf6 4. e5 Nd5 5. Qf3 Nb4 6. Na3 Bg7 7. h4 N8c6 8. e6 f6 9. exd7+ Qxd7 10. h5 Qg4 11. O-O-O Qxf3 12. Nxf3 Bg4 13. h6 Bf8 14. Re1 e5 15. Rh4 Bf5 16. g4 g5 17. Rh3 Bxg4 18. Rg3 Bd7 19. c3 Nd5 20. Bc4 Nf4 21. d4 cxd4 22. cxd4 O-O-O 23. dxe5 g4 24. e6 gxf3 25. exd7+ Rxd7 26. Re8+ Rd8 27. Rxd8+ Nxd8 28. Rg7 Nfe6 29. Rf7 Bxh6+ 30. Kc2 Rf8 31. Rxh7 Bf4 32. Nb5 Kb8 33. Ba3 Re8 34. Nd6 Bxd6 35. Bxd6+ Kc8 36. Re7 Rxe7 37. Bxe7 f5 38. Kd3 Kd7 39. Bf6 Nf7 40. Ke3 Nfg5 41. Be5 Ne4 42. Bd5 N4c5 43. Bxf3 a5 44. Bd1 Kc6 45. f4 Kd5 46. Be2 Kc6 47. Bh5 a4 48. b4 Na6 49. Be8+ Kd5 50. Bxa4 Nd8 51. Bb3+ Kc6 52. a3 Kd7 53. Bf6 Nc7 54. Bxd8 Kxd8 55. Bc4 Ke7 56. Kd4 Kd6 57. a4 Ne8 58. a5 Nf6 59. b5 Nh5 60. Bd5 Nxf4 61. Bxb7 Ne6+ 62. Kc4 Nc5 63. Bg2 Nd7 64. b6 1-0

[Event "TUR-chT Superleague 2018"]
[Site "Ankara"]
[Date "2018.07.29"]
[Round "6"]
[White "Unat, Can Haktan"]
[Black "Tasdogen, Dincer"]
[Result "1/2-1/2"]
[ECO "B38"]
[WhiteElo "2047"]
[BlackElo "2280"]
[Annotator "NA"]
[PlyCount "97"]
[EventDate "2018.07.25"]
[EventType "team-tourn"]
[EventCountry "TUR"]
[SourceTitle "playchess.com"]
[Source "ChessBase"]
[SourceQuality "1"]
[TimeControl "40/5400+30:1800+30"]

1. e4 c5 2. Nf3 g6 3. d4 cxd4 4. Nxd4 Bg7 5. c4 Nc6 6. Be3 Nf6 7. Nc3 d6 8. Be2 O-O 9. O-O Nxd4 10. Bxd4 Bd7 11. Qd2 Bc6 12. f3 a5 13. b3 Nd7 14. Be3 Nc5 15. Rab1 e6 16. Rfd1 Be5 17. g3 Qe7 18. Nb5 Rfd8 19. Nd4 f5 20. Nxc6 bxc6 21. Qc2 fxe4 22. f4 Bg7 23. Bxc5 dxc5 24. Qxe4 Bd4+ 25. Kg2 Rd6 26. Rd3 Qf6 27. Rbd1 Kg7 28. a3 Rb8 29. Bf3 Rb6 30. g4 h6 31. h4 Rb8 32. g5 hxg5 33. hxg5 Qf5 34. Re1 Rf8 35. Qxf5 Rxf5 36. Re4 e5 37. Bg4 Rxf4 38. Rxf4 exf4 39. Kf3 Rd8 40. Kxf4 Be5+ 41. Ke4 Rxd3 42. Kxd3 Bf4 43. Bd7 Bxg5 44. Bxc6 Bc1 45. a4 Kf6 46. Ke4 Kg5 47. Be8 Ba3 48. Bf7 Bb4 49. Be8 1/2-1/2